 Dungeon Crawl Stone Soup version 0.29-a0-206-g4a66f2e2b5 (webtiles) character file.

Game seed: 10897367713300278034

4310 Hasart the Archer (level 9, -6/75 HPs)
             Began as a Demigod Hunter on Feb 23, 2022.
             Mangled by a meliai
             ... wielding a +0 war axe
              (10 damage)
             ... on level 8 of the Dungeon.
             The game lasted 00:16:02 (9748 turns).

Hasart the Archer (Demigod Hunter)                  Turns: 9748, Time: 00:16:02

Health: -6/75      AC:  7    Str: 13    XL:     9   Next: 87%
Magic:  11/11      EV: 19    Int: 13    God:
Gold:   484        SH:  0    Dex: 26    Spells: 8/8 levels left

rFire   + . .      SeeInvis .   a - +2 shortbow
rCold   . . .      Faith    .   (shield currently unavailable)
rNeg    . . .      Spirit   .   r - +0 steam dragon scales
rPois   +          Reflect  .   (no helmet)
rElec   .          Harm     .   p - +1 cloak {rPois}
rCorr   .          Rampage  .   (no gloves)
Will    .....                   (no boots)
Stlth   ++++......              (no amulet)
HPRegen 0.22/turn               v - ring of protection from fire
MPRegen 0.12/turn               (no ring)

@: studying Dodging
A: high MP 1, forlorn, divine attributes
a: no special abilities


You were on level 8 of the Dungeon.
You visited 1 branch of the dungeon, and saw 8 of its levels.

You collected 484 gold pieces.

Inventory:

Hand Weapons
 a - a +2 shortbow (weapon)
Armour
 b - a +0 leather armour
 p - a +1 cloak of poison resistance (worn)
 r - +0 steam dragon scales (worn)
Jewellery
 e - an amulet of magic regeneration
 v - a ring of protection from fire (left hand)
Wands
 w - a wand of polymorph (11)
Scrolls
 c - a scroll of silence {unknown}
 d - 4 scrolls of identify {unknown}
 f - a scroll of amnesia {unknown}
 i - 2 scrolls of teleportation {unknown}
 j - a scroll of vulnerability {unknown}
 k - a scroll of torment {unknown}
 q - a scroll of fear {unknown}
 t - 2 scrolls of enchant armour {unknown}
 u - a scroll of holy word {unknown}
Potions
 g - 2 potions of mutation {unknown}
 h - 2 potions of lignification {unknown}
 l - 2 potions of haste {unknown}
 m - 2 potions of degeneration {unknown}
 o - a potion of curing {unknown}
 s - a potion of brilliance
 x - a potion of heal wounds {unknown}


   Skills:
 + Level 6.3 Fighting
 * Level 9.4 Bows
 + Level 8.1 Dodging
 + Level 6.5 Stealth


You had 8 spell levels left.
You didn't know any spells.
Your spell library contained the following spells:

 Spells                   Type           Power      Damage    Failure   Level
 Summon Small Mammal      Summ           0%         N/A       30%         1
 Blink                    Tloc           0%         N/A       43%         2
 Call Canine Familiar     Summ           0%         N/A       67%         3
 Gell's Gravitas          Tloc           0%         N/A       67%         3
 Lesser Beckoning         Tloc           0%         N/A       67%         3
 Summon Guardian Golem    Hex/Summ       0%         N/A       67%         3
 Teleport Other           Tloc           0%         N/A       67%         3
 Airstrike                Air            0%         N/A       97%         4
 Summon Lightning Spire   Summ/Air       0%         N/A       97%         4
 Lightning Bolt           Conj/Air       0%         1d11      100%        5
 Manifold Assault         Tloc           0%         N/A       100%        5
 Storm Form               Tmut/Air       0%         N/A       100%        7


Dungeon Overview and Level Annotations

Branches:
Dungeon (8/15)             Temple (0/1) D:6
   Lair: D:8-11

Shops:
D:4 *   D:7 (

Annotations:
D:8 Maurice


Innate Abilities, Weirdness & Mutations

You have an increased reservoir of magic. (+10% MP)
You shall have no god before yourself.
Your divine heritage dramatically boosts your attributes as you level up.


Message History

Something smites you!
Unknown command.
You shoot an arrow.
The arrow hits the meliai but does no damage.
The meliai is lightly wounded.
The meliai calls down the wrath of its god upon you.
Something smites you! The meliai misses you. x2
Unknown command.
You shoot an arrow. The arrow hits the meliai.
The meliai is lightly wounded.
The meliai misses you. x2; The meliai closely misses you.
The meliai stings you!
Unknown command.
Aiming: Iceblast
Press: ? - help, Shift-Dir - straight line, p - meliai The mass of ice explodes!
The iceblast engulfs the meliai!
The meliai is severely wounded.
The now-empty wand crumbles to dust.
The meliai closely misses you. The meliai misses you.
The meliai hits you with a +0 war axe!! The meliai stings you.
Unknown command.
Unknown command.
Unknown command.
Okay, then.
Shoot: a) +2 shortbow
Press: ? - help, Q - select action, (/) - cycle Shift-Dir - straight line, f - meliai
Aim: a meliai, wielding a +0 war axe and wearing a +0 leather armour (severely wounded, strong, 63% to hit)
You shoot an arrow. The arrow hits the meliai.
The meliai is severely wounded.
The meliai hits you with a +0 war axe!!
* * * LOW HITPOINT WARNING * * *
The meliai stings you but does no damage.
The meliai barely misses you. The meliai closely misses you. x2
The meliai stings you but does no damage.
Unknown command.
Shoot: a) +2 shortbow
Press: ? - help, Q - select action, (/) - cycle Shift-Dir - straight line, f/p - meliai
Aim: a meliai, wielding a +0 war axe and wearing a +0 leather armour (severely wounded, strong, 63% to hit)
You shoot an arrow. The arrow misses the meliai.
The meliai completely misses you. The meliai stings you!
You die...

..# .. ..######## .........
......... #........
#y....... #@# #.. #.#
####### #.#
########.##########......
...
..................'......
#.#
#####...###..####..###...|..
#y#....##...# ##.# #..#
#####.# ##.#....##...# #.##
#..# #.# ...y....##...# #..#
#..##### #.# ..<#
...##...#####.# #......# #.#


You could see a meliai (strong).

Vanquished Creatures
  A troll (D:6)
  2 meliai
  6 yaks
  Sigmund (D:5)
  A steam dragon (D:7)
  Edmund (D:6)
  3 black bears
  A sky beast (D:6)
  3 ogres
  4 centaurs
  A phantom (D:6)
  2 bullfrogs
  4 scorpions
  A wyvern skeleton (D:6)
  4 wights (D:7)
  A centaur zombie (D:7)
  4 bullfrog skeletons
  3 hounds
  2 jellies
  Crazy Yiuf (D:3)
  A centaur skeleton (D:7)
  Jessica (D:3)
  3 iguanas
  Terence (D:2)
  Natasha (thrice) (D:4)
  2 hound skeletons
  3 howler monkey zombies
  Robin (D:3)
  13 adders
  3 gnolls
  A shadow imp (D:7)
  An adder zombie (D:5)
  2 adder skeletons (D:4)
  2 worms
  2 dart slugs
  13 orcs
  8 ball pythons
  4 endoplasms
  2 giant cockroaches (D:3)
  13 goblins
  8 hobgoblins
  7 jackals
  4 quokkas
  8 bats
  2 frilled lizards
  5 kobolds
  4 rats
163 creatures vanquished.

Notes
Turn   | Place    | Note
-------+----------+-------------------------------------------
     0 | D:1      | Hasart the Demigod Hunter began the quest for the Orb.
     0 | D:1      | Reached XP level 1. HP: 17/17 MP: 3/3
    39 | D:1      | Reached skill level 1 in Stealth
    98 | D:1      | Reached XP level 2. HP: 24/24 MP: 4/4
   533 | D:1      | Reached skill level 4 in Bows
   643 | D:2      | Reached XP level 3. HP: 19/29 MP: 5/5
   772 | D:2      | Noticed Terence
  1480 | D:2      | Killed Terence
  1481 | D:2      | Reached XP level 4. HP: 9/37 MP: 6/6
  2287 | D:3      | Noticed Jessica
  2291 | D:3      | Killed Jessica
  2421 | D:3      | Reached XP level 5. HP: 42/42 MP: 7/7
  2507 | D:3      | Noticed Robin
  3582 | D:3      | Killed Robin
  3613 | D:3      | Found a runed translucent door.
  3614 | D:3      | Noticed Crazy Yiuf
  3688 | D:3      | Killed Crazy Yiuf
  3689 | D:3      | Reached skill level 5 in Bows
  3871 | D:4      | Noticed Natasha
  3874 | D:4      | Killed Natasha
  3908 | D:4      | Reached XP level 6. HP: 45/51 MP: 8/8
  4102 | D:4      | Noticed Natasha
  4105 | D:4      | Killed Natasha
  4134 | D:4      | Noticed Natasha
  4307 | D:4      | Killed Natasha
  4354 | D:4      | Reached XP level 7. HP: 24/57 MP: 9/9
  4654 | D:4      | Found Zaby's Serpentskin Sales.
  4959 | D:4      | Identified a scroll of acquirement
  4959 | D:4      | Acquired a manual of Dodging
  4993 | D:5      | Entered Level 5 of the Dungeon
  5027 | D:5      | Reached skill level 6 in Bows
  5038 | D:5      | You fall into a shaft and drop 3 floors!
  5152 | D:7      | Noticed a steam dragon
  5175 | D:7      | Killed a steam dragon
  5419 | D:7      | Found Ruifun's Antique Weapon Boutique.
  5557 | D:7      | Identified the +4 whip "Esuw" {drain, +Blink rPois rF+
                  | Int+5 Dex-3}
  5952 | D:6      | Reached XP level 8. HP: 57/67 MP: 10/10
  6015 | D:6      | Reached skill level 5 in Dodging
  6162 | D:5      | Noticed Sigmund
  6166 | D:5      | Killed Sigmund
  6167 | D:5      | Reached skill level 7 in Bows
  6933 | D:6      | Reached skill level 5 in Fighting
  6933 | D:6      | Reached skill level 5 in Stealth
  7177 | D:6      | Found a staircase to the Ecumenical Temple.
  7281 | D:6      | Reached skill level 8 in Bows
  7497 | D:6      | Noticed Edmund
  7512 | D:6      | Killed Edmund
  7513 | D:6      | Reached XP level 9. HP: 65/74 MP: 11/11
  8602 | D:8      | Noticed Maurice
  9031 | D:8      | Reached skill level 9 in Bows
  9747 | D:8      | HP: 3/75 [meliai/+0 war axe (20)]
  9748 | D:8      | Mangled by a meliai

Illustrated notes

Levels and vault maps discovered:
D:1:      dpeg_arrival_pits, layout_basic
D:2:      minmay_evil_eye, layout_basic, basic_altar, uniq_terence
D:3:      layout_loops_ring, amcnicky_altar_gilded,
          shapermc_ecumenical_altar_hornbeckon, uniq_robin, uniq_jessica,
          uniq_crazy_yiuf_cottage
D:4:      nicolae_cairo_tiling_large, layout_cave_pools, kennysheep_mini,
          grunt_temple_overflow_open, guppyfry_shop_venom, uniq_natasha
D:5:      layout_basic, nicolae_figureground_sparkle, uniq_sigmund
D:6:      layout_rooms, mainiacjoe_overflow_small_starburst,
          nzn_wu_jian_council_hall, minmay_temple_entry_hall, roderic_batcave,
          amcnicky_mini_pool_small, minmay_misc_feat_doors,
          minmay_strange_pillars, uniq_edmund
D:7:      layout_basic, mainiacjoe_overflow_cross_hatched, serial_shops,
          nicolae_shop_stone
D:8:      layout_basic, nicolae_qazlal_scattered_showers, uniq_maurice

Skill      XL: |  1  2  3  4  5  6  7  8  9 |
---------------+----------------------------+-----
Stealth        | 1 2 3 4 5 6 |  6.5
Fighting       | 2 3 4 5 6 |  6.3
Dodging        | 2 3 4 6 8 |  8.1
Bows           | 4 5 6 8 9 |  9.4

Action                   |  1- 3 |  4- 6 |  7- 9 || total
-------------------------+-------+-------+-------++-------
 Fire: Shortbow          |    97 |   182 |   399 ||   678
Evoke: Wand              |       |     3 |    11 ||    14
  Use: Scroll            |       |       |     2 ||     2
Armor: Leather armour    |    12 |    21 |    12 ||    45
       Steam dragon scal |       |       |    38 ||    38
Dodge: Dodged            |    49 |    63 |   234 ||   346

Table legend: (Time is in decaauts)
 A = Elapsed time spent in this place.
 B = Non-inter-level travel time spent in this place.
 C = Inter-level travel time spent in this place.
 D = Time resting spent in this place.
 E = Time spent auto-exploring this place.
 F = Levels seen in this place.
 G = Mean time per level.
                   A        B        C        D        E       F      G
               +--------+--------+--------+--------+--------+-----+--------+
         Total |   9916 |   9531 |    385 |   2746 |   5318 |   8 | 1239.5 |
       Dungeon |   9916 |   9531 |    385 |   2746 |   5318 |   8 | 1239.5 |
               +--------+--------+--------+--------+--------+-----+--------+

Top non-repeatable levels by time:
     D:7: 2184 daAuts
     D:3: 1631 daAuts
     D:2: 1505 daAuts
     D:6: 1387 daAuts
     D:4: 1056 daAuts
     D:1: 914 daAuts
     D:5: 869 daAuts
     D:8: 367 daAuts
